 Dungeon Crawl Stone Soup version 0.32-a0-711-g016ad743e0 (webtiles) character file.

Game seed: 8437094193793976892

122409 Leszczynek the Warrior (level 16, -15/182 HPs)
             Began as an Oni Alchemist on Mar 14, 2024.
             Was the Champion of Okawaru.
             Demolished by a fenstrider witch
             ... wielding a staff of alchemy
              (28 damage)
             ... on level 4 of the Swamp on Mar 15, 2024.
             The game lasted 01:11:39 (26058 turns).

Leszczynek the Warrior (Oni Alchemist)             Turns: 26058, Time: 01:11:39

Health: -15/182    AC: 13    Str: 23    XL:     16   Next: 87%
Magic:  24/24      EV: 10    Int: 16    God:    Okawaru [******]
Gold:   2402       SH: 14    Dex: 15    Spells: 19/19 levels left

rFire   + . .        r - +3 morningstar "Adojeib" {flame, Will+ Str+3 SInv}
rCold   + + .        s - +2 kite shield
rNeg    . . .        e - +0 swamp dragon scales
rPois   +            m - +1 hat of Generosity {Dex+4}
rElec   +            D - +2 cloak of Aries {^Drain rElec rC++ Stlth+}
rCorr   .            (gloves unavailable)
SInv    +            (boots unavailable)
Will    +++..        P - amulet of regeneration
Stlth   ++           o - ring of protection from fire
HPRegen 1.30/turn    E - ring of willpower
MPRegen 0.19/turn

%: no passive effects
@: lethally poisoned (-15 -> -16), slowed, very slow
A: large, unfitting armour, horns 1, tough skin 1, double potion healing,
drunken brawling
a: Renounce Religion, Heroism, Finesse, Duel


You were on level 4 of the Swamp.
You worshipped Okawaru.
Okawaru was exalted by your worship.
You visited 5 branches of the dungeon, and saw 27 of its levels.
You also visited: Gauntlet.

You collected 3157 gold pieces.
You spent 755 gold pieces at shops.

Inventory:

Hand Weapons
 a - a +2 broad axe of electrocution
 c - the +7 morningstar "Lorem Ipsum" {protect, rN+}
   (You bought it in a shop on level 2 of the Orcish Mines)

   rN+:       It protects you from negative energy.
 r - the +3 morningstar "Adojeib" (weapon) {flame, Will+ Str+3 SInv}
   (You bought it in a shop on level 1 of the Dungeon)

   Str+3:     It affects your strength (+3).
   Will+:     It increases your willpower.
   SInv:      It lets you see invisible.
 x - a +2 eveningstar of draining {god gift}
Missiles
 u - a throwing net
 A - 28 poisoned darts
 C - 15 curare-tipped darts
 L - 22 boomerangs (quivered)
 N - 18 large rocks
 Q - 10 javelins
 Y - 2 silver javelins {god gift}
Armour
 d - +0 acid dragon scales
 e - +0 swamp dragon scales (worn)
 j - a +1 troll leather armour
 m - the +1 hat of Generosity (worn) {Dex+4}
   (You acquired it on level 1 of the Swamp)

   Dex+4:     It affects your dexterity (+4).
 s - a +2 kite shield (worn)
 D - the +2 cloak of Aries (worn) {^Drain rElec rC++ Stlth+}
   (You found it in a Gauntlet)

   rC++:      It greatly protects you from cold.
   rElec:     It insulates you from electricity.
   ^Drain:    It drains your maximum health when unequipped.
   Stlth+:    It makes you more stealthy.
Jewellery
 k - the ring of Shadows {Umbra +Inv Stlth+}
   (You found it on level 2 of the Dungeon)

   [ring of stealth]

   Umbra:     It surrounds you with an aura of shadow, increasing your stealth
   and reducing the accuracy of all others within it.
   +Inv:      It lets you turn invisible.
   Stlth+:    It makes you more stealthy.
 o - a ring of protection from fire (left hand)
 q - a +4 ring of protection
 E - a ring of willpower (right hand)
 H - a ring of flight
 P - an amulet of regeneration (around neck)
 S - a +5 ring of evasion
Wands
 l - a wand of flame (48)
 t - a wand of quicksilver (6)
 y - a wand of warping (11)
 z - a wand of polymorph (10)
 M - a wand of paralysis (25)
 X - a wand of mindburst (4)
Scrolls
 f - 8 scrolls of teleportation
 n - a scroll of brand weapon
 p - 3 scrolls of vulnerability {!r}
 B - a scroll of enchant armour
 F - a scroll of immolation {!r}
 O - 4 scrolls of fog
 T - 2 scrolls of revelation
 V - a scroll of blinking
 Z - 4 scrolls of fear
Potions
 b - 5 potions of magic
 g - 3 potions of invisibility
 h - 5 potions of resistance
 i - a potion of mutation {!q}
 v - a potion of haste
 w - 2 potions of lignification {!q}
 G - a potion of cancellation
 I - a potion of enlightenment {unknown}
 J - 2 potions of heal wounds {@q2}
 K - 3 potions of brilliance
 R - 3 potions of might
 U - 2 potions of curing {@q1}


   Skills:
 - Level 16.8 Fighting
 - Level 6.8(12.4) Axes
 - Level 16.0(16.5) Maces & Flails
 - Level 10.1 Throwing
 + Level 3.6 Armour
 - Level 7.0 Dodging
 - Level 1.4 Stealth
 - Level 11.2 Shields
 - Level 2.4 Spellcasting
 - Level 0.8 Conjurations
 - Level 2.6 Alchemy
 - Level 11.8 Invocations
 + Level 4.4 Evocations


You had 19 spell levels left.
You didn't know any spells.
Your spell library contained the following spells:

 Spells                   Type           Power      Damage    Failure   Level
 Sting                    Conj/Alch      28%        1d4       26%         1
 Mercury Vapours          Alch/Air       12%        N/A       41%         2
 Ensorcelled Hibernation  Hex/Ice        2%         N/A       61%         2
 Mephitic Cloud           Conj/Alch/Air  5%         N/A       67%         3
 Dazzling Flash           Conj/Hex       6%         N/A       78%         3
 Frozen Ramparts          Ice            2%         1d1       83%         3
 Fugue of the Fallen      Necr           1%         N/A       83%         3
 Ozocubu's Armour         Ice            1%         N/A       83%         3
 Olgreb's Toxic Radiance  Alch           10%        N/A       86%         4
 Sticky Flame             Fire/Alch      6%         2d4       96%         4
 Anguish                  Hex/Necr       0%         N/A       99%         4
 Curse of Agony           Necr           1%         N/A       100%        5
 Lee's Rapid Deconstruct  Erth           0%         3d4*      100%        5
 Metabolic Englaciation   Hex/Ice        0%         N/A       100%        5
 Silence                  Hex/Air        0%         N/A       100%        5
 Conjure Ball Lightning   Conj/Air       1%         3x3d6     100%        6
 Discord                  Hex            0%         N/A       100%        8
 Disjunction              Tloc           0%         N/A       100%        8
 Polar Vortex             Ice            0%         N/A       100%        9
 Animate Armour           Summ/Erth      Unusable   N/A       N/A         4
 Summon Lightning Spire   Summ/Air       Unusable   N/A       N/A         4

Dungeon Overview and Level Annotations

Branches:
Dungeon (15/15)            Temple (1/1) D:4            Lair (5/5) D:9
  Swamp (4/4) Lair:3       Spider (0/4) Lair:2          Orc (2/2) D:12
    Elf (0/3) Orc:2        Vaults (0/5) D:14         Depths (0/4) D:15
Gauntlet (visited)
  Slime: Lair:4-5

Altars:
Ashenzari
Cheibriados
Dithmenos
Elyvilon
Fedhas
Gozag
Hepliaklqana
Kikubaaqudgha
Makhleb
Nemelex Xobeh
Okawaru
Qazlal
Ru
Sif Muna
Trog
Uskayaw
Vehumet
Wu Jian
Xom
Yredelemnul
Zin
The Shining One

Shops:
D:1 (   D:13 *   Orc:2 :[*(

Annotations:
D:13 3 runed translucent doors, Killmatronix's ghost, journeyman TrMo; Rupert
Lair:4 3 runed translucent doors, Citaecs's ghost, journeyman AtMo
Orc:1 Snorg
Orc:2 1 runed translucent door, Stormracerdan's ghost, journeyman MiFi


Innate Abilities, Weirdness & Mutations

You are too large for most types of armour.
You have a pair of small horns on your head.
You have tough skin. (AC +1)
You gain doubled healing and magic from potions.
Whenever you drink a healing potion, you attack all around you.


Message History

Your headbutt misses the fenstrider witch.
The fenstrider witch is almost dead.
You feel very sick.
You block the fenstrider witch's attack.
The fenstrider witch barely misses you.
The fenstrider witch hits you with a staff of alchemy!!
The fenstrider witch envenoms you!
You are more poisoned.
The fenstrider witch closely misses you.
The fenstrider witch hits you with a staff of alchemy!!
The fenstrider witch envenoms you.
You block the fenstrider witch's attack.
You sock the fenstrider witch! You burn the fenstrider witch.
Your headbutt misses the fenstrider witch.
The fenstrider witch is almost dead.
You feel very sick.
The fenstrider witch closely misses you.
The fenstrider witch kicks you!!
* * * LOW HITPOINT WARNING * * *
The fenstrider witch barely misses you.
You block the fenstrider witch's attack.
Unknown command.
Unknown command.
You take a swig of the potion and twirl the +3 morningstar "Adojeib" {flame, Will+ Str+3 SInv}.
You completely miss the fenstrider witch.
Your headbutt misses the fenstrider witch.
The fenstrider witch is almost dead.
You savour every drop.
You feel better.
The fenstrider witch hits you with a staff of alchemy!
* * * LOW HITPOINT WARNING * * *
The fenstrider witch envenoms you.
* * * LOW HITPOINT WARNING * * *
You block the fenstrider witch's attack.
The fenstrider witch hits you with a staff of alchemy!!
* * * LOW HITPOINT WARNING * * *
The fenstrider witch envenoms you.
* * * LOW HITPOINT WARNING * * *
You are poisoned.
The fenstrider witch kicks you!!
You die...

~.~~~♣~..†♣≈♣≈
♣♣~.~...♣♣ ~.~~
♣♣.§.~♣ ♣.~.~....♣ ~~.
♣..~~♣♣♣ ♣~..~~.~♣♣ ~.
♣ ♣.~~.♣~♣♣♣..~~.~[.♣
.
♣♣.♣.......~.§.~.~~~.♣
♣....)~....~~~~.....~♣
♣♣.♣.~....[~§~..§♣..♣♣
♣♣♣♣......H....♣...♣
♣♣♣)~..@~.~♣♣..♣♣
♣.........♣..~♣
♣♣~.§.~♣§♣♣♣...
♣♣..~....♣♣♣.♣♣ ♣♣♣
♣♣.~...♣~♣♣ ♣♣♣
♣♣.♣♣♣♣ ♣~..~♣♣♣♣♣
♣..~..♣♣♣~~..♣♣
♣....~♣~§..~.♣ ♣
♣~~......§..♣♣


You could see a fenstrider witch (berserk).

Vanquished Creatures
  Jorgrun (D:14)
  Kirke (D:13)
  A thorn hunter (Swamp:3)
  An orc warlord (Orc:2)
  A ghoul (Swamp:3)
  A minotaur (Gauntlet)
  6 eleionomae
  2 bunyips
  An ettin (Orc:1)
  2 shambling mangroves
  A vault guard (D:14)
  A great orb of eyes (D:15)
  An ice dragon (Lair:5)
  9 hydras
  2 ghost crabs
  2 alligators (Swamp:3)
  3 centaur warriors
  A catoblepas (Lair:3)
  2 two-headed ogres
  A boulder beetle (Lair:5)
  A death knight (D:14)
  A dancing weapon (D:14)
  5 tengu warriors
  6 death yaks (Lair:5)
  An orc high priest (Orc:2)
  A soul eater (Gauntlet)
  A skyshark (Lair:5)
  5 goliath frogs
  3 spriggan druids
  A glowing orange brain (Gauntlet)
  9 bog bodies
  A death drake (Swamp:3)
  A lindwurm (Lair:5)
  A deep elf pyromancer (D:8)
  4 swamp dragons
  A faun (shapeshifter) (D:15)
  A wolf spider (Lair:5)
  Pikel (D:7)
  6 orc knights
  10 ugly things
  4 orc sorcerers
  4 cyclopes
  9 black mambas
  A manticore (D:11)
  An ice statue (Gauntlet)
  A guardian serpent (Lair:5)
  2 molten gargoyles (Lair:3)
  2 will-o-the-wisps
  5 elephants (Lair:4)
  5 torpor snails (Lair:5)
  2 gargoyles
  A torpor snail (shapeshifter) (D:13)
  14 cane toads
  2 kobold demonologists
  Jeremiah (D:7)
  5 rime drakes
  9 komodo dragons
  A freezing wraith (D:14)
  2 unseen horrors (D:12)
  A tengu conjurer (D:13)
  9 trolls
  3 polar bears
  2 trolls (shapeshifter)
  25 hornets
  9 tyrant leeches
  7 blink frogs
  2 slime creatures (D:15)
  8 dream sheep
  2 humans (D:13)
  14 spriggans
  A shadow (D:12)
  4 wraiths
  42 yaks
  3 wargs
  13 wyverns
  5 hogs (D:13)
  A steam dragon (Lair:4)
  4 basilisks
  14 vampire mosquitoes
  5 redbacks (Lair:5)
  10 swamp worms
  An acid dragon (D:9)
  23 water moccasins
  Duvessa (D:7)
  7 swamp drakes
  3 ice beasts
  4 black bears
  33 orc warriors
  5 ogres
  23 wolves
  9 centaurs
  A lemure (D:7)
  5 phantoms
  2 kobold brigands (D:8)
  12 bullfrogs
  2 gnoll sergeants
  A scorpion (D:6)
  12 wights
  Dowan (D:7)
  3 troll zombies (D:12)
  4 killer bees (D:8)
  An electric eel (Lair:2)
  5 lava snakes (Lair:3)
  3 hounds
  3 bombardier beetles
  3 gnoll boudas
  3 jellies
  10 orc priests
  3 iguanas
  A sleepcap (D:4)
  21 orc wizards
  11 hell rats (Lair:2)
  5 ogre zombies (D:12)
  12 gnolls
  10 adders
  10 river rats (Lair:2)
  3 shadow imps (Gauntlet)
  2 white imps
  2 ufetubi (D:5)
  2 dart slugs
  3 ribbon worms
  69 orcs
  7 endoplasms
  4 giant cockroaches
  A gnoll zombie (D:12)
  4 goblins
  8 hobgoblins
  7 jackals
  9 quokkas
  15 ball pythons
  4 bats
  5 frilled lizards (D:2)
  5 gnoll skeletons (D:12)
  15 kobolds
  4 orc skeletons (D:12)
  14 orc zombies (D:12)
  18 rats
809 creatures vanquished.

Vanquished Creatures (others)
  A will-o-the-wisp (Swamp:3)
  A manticore (D:13)
  2 bloated husks
  12 foxfires
16 creatures vanquished.

Grand Total: 825 creatures vanquished

Notes
Turn   | Place    | Note
-------+----------+-------------------------------------------
     0 | D:1      | Leszczynek the Oni Alchemist began the quest for the Orb.
     0 | D:1      | Reached XP level 1. HP: 16/16 MP: 3/3
    78 | D:1      | Reached skill level 1 in Fighting
   167 | D:1      | Reached skill level 2 in Fighting
   176 | D:1      | Reached XP level 2. HP: 23/28 MP: 0/5
   278 | D:1      | Found Kenyk's Weapon Shoppe.
   477 | D:1      | Reached skill level 3 in Fighting
   946 | D:2      | Found the ring of Shadows {Umbra +Inv Stlth+}
  1146 | D:2      | Reached XP level 3. HP: 37/37 MP: 1/6
  1285 | D:2      | Learned a level 2 spell: Mercury Vapours
  1299 | D:2      | Reached skill level 4 in Fighting
  1757 | D:2      | Reached XP level 4. HP: 46/49 MP: 7/7
  2088 | D:2      | Reached skill level 5 in Fighting
  2664 | D:3      | Reached XP level 5. HP: 54/59 MP: 8/8
  2835 | D:3      | Reached skill level 6 in Fighting
  2928 | D:3      | Identified the +2 helmet "Goffixka" {rCorr}
  3443 | D:4      | Reached skill level 7 in Fighting
  3548 | D:4      | Reached XP level 6. HP: 37/72 MP: 9/9
  3672 | D:4      | Reached skill level 1 in Maces & Flails
  3792 | D:4      | Reached skill level 8 in Fighting
  3855 | D:4      | Found a staircase to the Ecumenical Temple.
  3887 | D:4      | Reached skill level 2 in Maces & Flails
  3921 | Temple   | Entered the Ecumenical Temple
  3931 | Temple   | Became a worshipper of Warmaster Okawaru
  4068 | D:4      | Reached skill level 3 in Maces & Flails
  4068 | D:4      | Reached XP level 7. HP: 67/80 MP: 10/10
  4237 | D:4      | Identified the +10 hand axe of Fortitude {freeze, rElec
                  | Will+ Str-4}
  4246 | D:4      | Found an opulent altar of Gozag.
  4393 | D:5      | Entered Level 5 of the Dungeon
  4402 | D:5      | Reached skill level 4 in Maces & Flails
  4490 | D:5      | Reached skill level 5 in Maces & Flails
  4642 | D:5      | Found an ancient bone altar of Kikubaaqudgha.
  4703 | D:5      | Found a blossoming altar of Fedhas.
  4722 | D:5      | Reached * piety under Okawaru
  4723 | D:5      | Reached skill level 6 in Maces & Flails
  4723 | D:5      | Reached XP level 8. HP: 88/88 MP: 11/11
  5326 | D:6      | Reached skill level 7 in Maces & Flails
  5567 | D:6      | Reached ** piety under Okawaru
  5568 | D:6      | Reached skill level 8 in Maces & Flails
  5683 | D:6      | HP: 9/88 [orc warrior/+0 scimitar (10)]
  5689 | D:6      | Reached skill level 9 in Maces & Flails
  5689 | D:6      | Reached XP level 9. HP: 21/96 MP: 9/12
  6284 | D:7      | Noticed Jeremiah
  6323 | D:7      | Reached skill level 10 in Maces & Flails
  6353 | D:7      | Killed Jeremiah
  6487 | D:7      | Identified the +3 dagger of Demonkind {drain, rC+ Dex+4}
  6590 | D:7      | Reached *** piety under Okawaru
  6641 | D:7      | Reached skill level 11 in Maces & Flails
  6895 | D:1      | Bought the +3 morningstar "Adojeib" {flame, Will+ Str+3
                  | SInv} for 498 gold pieces
  7180 | D:7      | Noticed Duvessa
  7180 | D:7      | Noticed Dowan
  7187 | D:7      | Killed Duvessa
  7188 | D:7      | Reached skill level 2 in Invocations
  7192 | D:7      | Killed Dowan
  7359 | D:7      | Noticed Pikel
  7383 | D:7      | Killed Pikel
  7384 | D:7      | Reached skill level 5 in Invocations
  7389 | D:7      | Reached skill level 6 in Invocations
  7389 | D:7      | Reached XP level 10. HP: 58/104 MP: 12/14
  7595 | D:8      | Reached skill level 2 in Dodging
  7601 | D:8      | Got the Discourse on Enchantment and the Chill
  7630 | D:8      | Reached skill level 3 in Dodging
  7756 | D:8      | Reached **** piety under Okawaru
  7879 | D:8      | Reached skill level 4 in Dodging
  8152 | D:8      | Noticed a deep elf pyromancer
  8175 | D:8      | Killed a deep elf pyromancer
  8176 | D:8      | Reached skill level 5 in Dodging
  8995 | D:9      | Found a staircase to the Lair.
  9009 | D:9      | Reached ***** piety under Okawaru
  9010 | D:9      | Reached skill level 9 in Fighting
  9074 | D:9      | Reached skill level 12 in Maces & Flails
  9130 | D:9      | Received a gift from Okawaru
  9238 | D:9      | Reached skill level 1 in Shields
  9292 | D:9      | Reached skill level 2 in Shields
  9292 | D:9      | Reached XP level 11. HP: 79/115 MP: 13/15
  9561 | D:10     | Entered Level 10 of the Dungeon
  9651 | D:10     | Reached skill level 3 in Shields
  9663 | D:10     | Reached skill level 4 in Shields
  9763 | D:10     | Noticed a two-headed ogre
  9775 | D:10     | Killed a two-headed ogre
  9776 | D:10     | Reached skill level 5 in Shields
 10066 | D:10     | You fall into a shaft and drop 2 floors!
 10156 | D:12     | Reached skill level 6 in Shields
 10373 | D:12     | Found a staircase to the Orcish Mines.
 10431 | D:12     | Reached skill level 1 in Throwing
 10435 | D:12     | Received a gift from Okawaru
 10635 | D:12     | Noticed a cyclops
 10649 | D:12     | Killed a cyclops
 11271 | D:11     | Noticed a two-headed ogre
 11284 | D:11     | Killed a two-headed ogre
 11285 | D:11     | Reached skill level 2 in Throwing
 11550 | D:11     | Reached skill level 10 in Fighting
 11920 | D:11     | Noticed a manticore
 11932 | D:11     | Killed a manticore
 12036 | D:12     | Noticed a cyclops
 12049 | D:12     | Killed a cyclops
 12050 | D:12     | Reached skill level 3 in Throwing
 12050 | D:12     | Reached XP level 12. HP: 116/126 MP: 16/16
 12165 | D:12     | Reached skill level 13 in Maces & Flails
 12173 | D:12     | Reached skill level 7 in Shields
 12394 | D:12     | Found a shimmering blue altar of Sif Muna.
 12522 | Orc:1    | Entered Level 1 of the Orcish Mines
 12524 | Orc:1    | Noticed an ettin
 12540 | Orc:1    | Killed an ettin
 12686 | Orc:1    | Received a gift from Okawaru
 12782 | Orc:1    | Noticed Snorg
 12934 | Orc:2    | Entered Level 2 of the Orcish Mines
 12971 | Orc:2    | Reached skill level 4 in Throwing
 13004 | Orc:2    | Found Diqeuj's General Store.
 13004 | Orc:2    | Noticed an orc high priest
 13019 | Orc:2    | Killed an orc high priest
 13162 | Orc:2    | Reached skill level 11 in Fighting
 13164 | Orc:2    | Found a staircase to the Elven Halls.
 13195 | Orc:1    | Noticed an orc warlord
 13299 | Orc:2    | Noticed an orc warlord
 13369 | Orc:2    | Reached skill level 7 in Invocations
 13402 | Orc:2    | Found Boil Mor's Book Boutique.
 13647 | Orc:2    | Noticed a sun demon
 13698 | Orc:1    | Reached skill level 8 in Invocations
 13780 | Orc:2    | Noticed Nessos
 13831 | Orc:2    | Nessos changed into Nessos the dream sheep
 13831 | Orc:2    | Noticed Nessos
 13838 | Orc:2    | Killed Nessos the dream sheep
 13937 | Orc:2    | Reached skill level 9 in Invocations
 13952 | Orc:2    | Killed an orc warlord
 13960 | Orc:2    | Reached skill level 10 in Invocations
 13960 | Orc:2    | Reached XP level 13. HP: 61/137 MP: 13/20
 14066 | Orc:2    | Received a gift from Okawaru
 14079 | Arena    | Entered the Arena
 14112 | Orc:2    | HP: 12/137 [orc knight/+0 dire flail (18)]
 14119 | Orc:2    | HP: 15/205 [orc warrior/+0 halberd[an orc knight] (6)]
 14371 | Orc:2    | Found Goysmij's Antique Armour Shoppe.
 14396 | Orc:2    | Reached skill level 11 in Invocations
 14436 | Orc:2    | Found a runed translucent door.
 14436 | Orc:2    | Noticed Stormracerdan's ghost (journeyman MiFi)
 14547 | Orc:2    | Found Aziewkir's Antique Weapon Emporium.
 14561 | Orc:2    | Bought a transparent morningstar for 153 gold pieces
 14561 | Orc:2    | Identified the +7 morningstar "Lorem Ipsum" {protect, rN+}
                  | (You bought it in a shop on level 2 of the Orcish Mines)
 14830 | Lair:1   | Entered Level 1 of the Lair of Beasts
 14840 | Lair:1   | Found a broken altar of Ashenzari.
 15124 | Lair:1   | Found a gate leading to a gauntlet.
 15134 | Gauntlet | Entered a Gauntlet
 15134 | Gauntlet | Found a transporter.
 15134 | Gauntlet | Found a transporter.
 15156 | Gauntlet | Found a transporter.
 15156 | Gauntlet | Found a transporter.
 15160 | Gauntlet | Found a transporter.
 15160 | Gauntlet | Found a transporter.
 15187 | Gauntlet | Found a transporter.
 15190 | Gauntlet | Found a transporter.
 15196 | Gauntlet | Noticed a dire elephant
 15203 | Gauntlet | Found a transporter.
 15218 | Gauntlet | Found a runed translucent door.
 15219 | Gauntlet | Found a transporter.
 15220 | Gauntlet | Found a runed translucent door.
 15233 | Gauntlet | Found a transporter.
 15299 | Gauntlet | Identified the +2 cloak of Aries {^Drain rElec rC++ Stlth+}
 15311 | Gauntlet | Found a transporter.
 15405 | Gauntlet | Reached skill level 14 in Maces & Flails
 15436 | Gauntlet | Identified the amulet of Morality {Faith rN+ Dex+2 Stlth+}
 15436 | Gauntlet | Noticed a minotaur
 15449 | Gauntlet | Killed a minotaur
 15450 | Gauntlet | Reached skill level 5 in Throwing
 15458 | Gauntlet | Identified the +5 rapier of Lust {spect, rElec Will- Dex+4}
 15695 | Lair:2   | Found a hole to the Spider Nest.
 15716 | Lair:2   | Reached skill level 8 in Shields
 16515 | Lair:2   | Reached skill level 12 in Fighting
 16830 | Lair:3   | Reached skill level 6 in Throwing
 17007 | Lair:3   | Reached XP level 14. HP: 150/150 MP: 22/22
 17011 | Lair:3   | Found a staircase to the Swamp.
 17079 | Lair:3   | Reached skill level 15 in Maces & Flails
 17090 | Lair:3   | Received a gift from Okawaru
 17736 | Lair:4   | Found a runed translucent gate.
 17736 | Lair:4   | Found a runed translucent gate.
 17736 | Lair:4   | Found a runed translucent gate.
 17737 | Lair:4   | Noticed an azure jelly
 17739 | Lair:4   | Noticed an acid blob
 17739 | Lair:4   | Noticed an azure jelly
 17739 | Lair:4   | Noticed an azure jelly
 17740 | Lair:4   | Noticed an acid blob
 17740 | Lair:4   | Noticed an acid blob
 17740 | Lair:4   | Noticed Citaecs's ghost (journeyman AtMo)
 17740 | Lair:4   | Noticed an acid blob
 17821 | Lair:4   | You fall into a shaft and drop 1 floor!
 17821 | Lair:5   | Entered Level 5 of the Lair of Beasts
 17903 | Lair:5   | Reached skill level 9 in Shields
 18016 | Lair:4   | Reached skill level 7 in Throwing
 18028 | Lair:5   | Reached skill level 13 in Fighting
 18079 | Lair:5   | Reached ****** piety under Okawaru
 18079 | Lair:5   | Received a gift from Okawaru
 18081 | Lair:5   | Acquired a +0 antimagic eveningstar {god gift}
 18081 | Lair:5   | Received a gift from Okawaru
 18109 | Lair:5   | Acquired the scarf "Johorgh" {god gift, repulsion, rC+
                  | Slay+2}
 18109 | Lair:5   | Received a gift from Okawaru
 18110 | Lair:5   | i'm not kidding, this was the best
 18323 | Lair:5   | Paralysed by a hornet for 1 turns
 18573 | Lair:5   | Reached skill level 16 in Maces & Flails
 18810 | Lair:5   | Reached skill level 8 in Throwing
 18852 | Lair:5   | Received a gift from Okawaru
 18896 | Lair:5   | Reached skill level 14 in Fighting
 18987 | Lair:5   | Reached XP level 15. HP: 141/163 MP: 23/23
 19095 | Lair:5   | Reached skill level 10 in Shields
 19397 | Lair:5   | Received a gift from Okawaru
 19916 | Lair:5   | Reached skill level 9 in Throwing
 20281 | D:13     | Noticed Rupert
 20283 | D:13     | Paralysed by Rupert for 2 turns
 20486 | D:13     | Found a runed translucent gate.
 20486 | D:13     | Found a runed translucent gate.
 20486 | D:13     | Found a runed translucent gate.
 20488 | D:13     | Noticed Killmatronix's ghost (journeyman TrMo)
 20588 | D:13     | Noticed Kirke
 20623 | D:13     | Reached skill level 15 in Fighting
 20634 | D:13     | Killed Kirke
 20634 | D:13     | Received a gift from Okawaru
 20793 | D:13     | Found Gebuam's Assorted Antiques.
 20818 | D:13     | Bought a scroll of fear for 104 gold pieces
 20950 | D:14     | Noticed Jorgrun
 20980 | D:14     | Killed Jorgrun
 21111 | D:14     | Found a gate to the Vaults.
 21328 | D:14     | Identified the +2 leather armour of Card Tricks {Str+3
                  | Int+3}
 21369 | D:14     | Reached skill level 11 in Shields
 21754 | D:14     | Reached skill level 10 in Throwing
 21776 | D:15     | Entered Level 15 of the Dungeon
 21973 | D:15     | Reached skill level 1 in Axes
 22175 | D:15     | Received a gift from Okawaru
 22176 | D:15     | Reached skill level 2 in Axes
 22179 | D:15     | Found a staircase to the Depths.
 22374 | D:15     | Found a glowing golden altar of the Shining One.
 22877 | Swamp:1  | Entered Level 1 of the Swamp
 22878 | Swamp:1  | and this ends the parts i can do in any other way than
                  | painfully slow
 22878 | Swamp:1  | no rpois
 22886 | Lair:3   | Reached skill level 16 in Fighting
 22938 | Swamp:1  | Reached skill level 3 in Axes
 22991 | Swamp:1  | Reached XP level 16. HP: 176/179 MP: 24/24
 23004 | Swamp:1  | Upgraded the game from 0.32-a0-705-g60f233581c to
                  | 0.32-a0-711-g016ad743e0
 23138 | Lair:3   | Reached skill level 6 in Dodging
 23170 | Lair:3   | Reached skill level 4 in Axes
 23418 | Swamp:1  | Identified a scroll of acquirement
 23418 | Swamp:1  | Acquired the +1 hat of Generosity {Dex+4}
 23587 | Swamp:1  | Paralysed by a hornet for 3 turns
 23636 | Swamp:1  | Reached skill level 5 in Axes
 24305 | Swamp:2  | Received a gift from Okawaru
 24388 | Swamp:2  | Reached skill level 6 in Axes
 24804 | Swamp:2  | Identified the +0 pair of boots of Okawaru {Regen+}
 24869 | Swamp:3  | Reached skill level 7 in Dodging
 25030 | Swamp:3  | Reached skill level 1 in Evocations
 25050 | Swamp:3  | HP: 29/181 [poisoned by a death drake (dark miasma)]
 25055 | Swamp:3  | HP: 19/181 [poisoned by a death drake (foul vapour)]
 25060 | Swamp:2  | HP: 23/181 [poisoned by a death drake (foul vapour)]
 25070 | Swamp:2  | motherfucker
 25140 | Swamp:3  | Received a gift from Okawaru
 25155 | Swamp:3  | Reached skill level 2 in Evocations
 25338 | Swamp:3  | Noticed a thorn hunter
 25345 | Swamp:3  | Killed a thorn hunter
 25346 | Swamp:3  | Reached skill level 1 in Armour
 25357 | Swamp:3  | Reached skill level 3 in Evocations
 25445 | Swamp:3  | Reached skill level 2 in Armour
 25697 | Swamp:4  | Entered Level 4 of the Swamp
 25772 | Swamp:4  | Reached skill level 3 in Armour
 25772 | Swamp:4  | Reached skill level 4 in Evocations
 25943 | Swamp:4  | Received a gift from Okawaru
 25955 | Swamp:4  | Noticed a fenstrider witch
 26057 | Swamp:4  | HP: 33/182 [fenstrider witch/staff of alchemy (30)]
 26058 | Swamp:4  | HP: 13/182 [fenstrider witch/staff of alchemy (6)]
 26058 | Swamp:4  | Demolished by a fenstrider witch

Illustrated notes #....##.P....##.. ##....##....###P. #....##....#.... ##..P............ ######.P.............. #................<.... #.P.............†.†... ##..................#. #....@...........#.##. .......#......##..#.## ..............##.#### .......##.....#### ...S... .P...## ...##......### #.. ... .## .. P.# Turn 18110 on Lair:5: i'm not kidding, this was the best ~~.~~§~i.. ~~~~~~~..♣ .~~..~~... ♣ ~~~./~D~~♣♣♣~♣ ~~~~..~~~...~ ~.~~....... .♣ ..~.....~♣~~♣ ♣~.~~.)@..♣ ♣♣.~~♣~~~~..~.♣ ♣♣ ♣♣♣~.~~~.♣ ♣...~.♣ .~~~.♣ .~~~.♣ .~.~♣ ...♣♣ Turn 22878 on Swamp:1: and this ends the parts i can do in any other way than painfully slow

♣♣.♣♣≈..~~~~~§≈♣♣.~.~♣~~~~.......
♣...♣♣§~~~~♣§~≈♣~.~~~~~~~~§.♣♣.♣♣
.....♣~~§~.~~≈≈..~~.~.~.~~~~♣♣♣♣
♣.~~..~~~~..~≈≈~~~♣.~~§~~~..♣♣
♣♣.♣~~.~~~~~≈≈♣~.♣♣.♣~~....~.♣♣
♣♣♣♣♣~~~~.~≈≈♣♣~~...§~.~~....♣
♣.....~.≈≈♣♣♣♣♣.~.~~~~~...♣♣
.~..~~~.~≈≈♣♣♣♣♣~~~♣~..♣..♣♣♣♣♣
♣)~~~~~~≈≈≈..~.@♣.~..~~~♣...♣...
♣♣♣§~...≈≈≈.~~~~..~~~♣♣~♣♣......
♣♣♣♣♣.≈≈≈.♣~§~♣~~~.~~~♣♣.~..♣♣
♣.≈≈..♣~§~~~.~.~~~.♣♣.~[♣♣
♣....♣♣~.~...♣.....♣♣[[~§♣
♣♣♣♣♣♣..~♣♣♣♣.♣♣♣♣♣♣♣~[§♣♣
♣.~~♣..♣♣♣.♣♣.♣♣ ♣~~~♣♣
♣♣.~~..♣♣♣~..~..♣ ♣♣♣~~..♣
♣§~..♣♣♣♣♣..~..♣♣♣♣...♣...


Turn 25070 on Swamp:2: motherfucker

Levels and vault maps discovered:
D:1:      minmay_arrival_doors, layout_basic, serial_shops, shop
D:2:      minmay_thinvault, layout_basic, minivault_19, minmay_bisected
D:3:      layout_loops_ring, minmay_randomly_rotated_circles
D:4:      layout_cave_pools, nicolae_gozag_cash_rules_everything_around_me,
          minmay_temple_entry_mist, kennysheep_generic_room_8
D:5:      layout_basic, lemuel_tele_altar, mainiacjoe_overflow_paths
D:6:      layout_basic
D:7:      layout_rooms, uniq_pikel, uniq_jeremiah, uniq_duvessa
D:8:      layout_gridville, minmay_misc_feat_x
D:9:      layout_basic, hellmonk_lair_entry_icy, amcnicky_mini_pool_small
D:10:     layout_irregular_city, amethyst_killhole, chequers_mini_garden,
          minmay_starry_boxes
D:11:     layout_grid_maze
D:12:     layout_loops_corners, zombieorc2_lemuel, nicolae_sif_muna_condensation
D:13:     layout_roguey, serial_shops, nicolae_shop_advertising_works
          [nicolae_subvault_shop_adworks], ebering_ghost_rock_garden,
          minmay_misc_feat_chi, nrook_campfire, uniq_kirke, uniq_rupert
D:14:     layout_basic, erik_vaults_1, minmay_misc_feat_doors,
          corexii_hall_statues_u, uniq_jorgrun
D:15:     gammafunk_enter_depths_forms, layout_loops_ring, lemuel_doored_altar
Temple:   hellmonk_temple_of_storms
Lair:1:   layout_long_grid, gauntlet_entry_generic, basic_altar
Lair:2:   lemuel_ratsnest, layout_gridlike, dummy_spider_entry,
          lemuel_another_geyser
Lair:3:   cheibrodos_magma_flow, layout_long_grid, swamp_mist_pool,
          beast_lair_carwin_6
Lair:4:   layout_concentric_octagons, minmay_slime_entry_oklob_open,
          gammafunk_ghost_ooze, hangedman_lair_unloving_vines
Lair:5:   wormcave, layout_cellular_growth, hangedman_lair_tendril_chambers,
          infiniplex_staircase_pool_2
Swamp:1:  layout_basic_swamp, nicolae_swamp_reclaimed_castle,
          infiniplex_staircase_pool
Swamp:2:  layout_falls_marsh, nicolae_swamp_stuck_in_the_mud,
          nicolae_swamp_long_stream, nicolae_swamp_decorative_isthmus,
          nicolae_swamp_tree_isthmus
Swamp:3:  layout_basic_swamp, nicolae_swamp_fairy_circle,
          nicolae_swamp_drake_lake
Swamp:4:  swamp_basic_johnstein, layout_basic_swamp, swamp_pool_5,
          tekkud_bubbles_buried_in_this_jungle
Orc:1:    layout_caves, sword_in_stone, uniq_snorg
Orc:2:    grunt_orc_gardens, layout_caves, grunt_orc_garden, grunt_orc_garden,
          grunt_orc_garden, grunt_orc_garden, hellmonk_ghost_happy_afterlife,
          lightli_orcish_oven, uniq_nessos

Skill      XL: |  1  2  3  4  5  6  7  8  9 10 11 12 13 14 15 16 |
---------------+-------------------------------------------------+-----
Fighting       | 2 3 4 5 7 8 9 10 11 12 14 16 | 16.8
Maces & Flails | 3 6 9 11 12 13 14 16 | 16.0
Invocations    | 6 10 11 | 11.8
Dodging        | 5 7 |  7.0
Shields        | 2 6 7 8 9 11 | 11.2
Throwing       | 3 4 6 8 10 | 10.1
Axes           | 3 6 |  6.8
Evocations     | 4 |  4.4
Armour         | 3 |  3.6
Stealth        | |  1.4
Spellcasting   | |  2.4
Conjurations   | |  0.8
Alchemy        | |  2.6

Action                     |  1- 3 |  4- 6 |  7- 9 | 10-12 | 13-15 | 16-18 || total
---------------------------+-------+-------+-------+-------+-------+-------++-------
  Melee: Dagger            |    22 |       |       |       |       |       ||    22
         Whip              |    65 |    18 |       |       |       |       ||    83
         Headbutt          |    16 |    25 |    42 |   148 |   353 |   110 ||   694
         Short sword       |     3 |       |       |       |       |       ||     3
         Rapier            |       |   130 |    17 |       |       |       ||   147
         Hand axe          |       |       |   149 |       |       |       ||   149
         Morningstar       |       |       |    25 |   710 |   847 |    32 ||  1614
         Eveningstar       |       |       |       |       |   617 |   402 ||  1019
         Broad axe         |       |       |       |       |       |    22 ||    22
  Throw: Dart              |       |       |       |    23 |       |       ||    23
         Large rock        |       |       |       |     4 |       |     8 ||    12
         Boomerang         |       |       |       |       |    17 |    45 ||    62
   Cast: Sting             |    21 |     9 |       |       |       |       ||    30
         Mercury Vapours   |     3 |     4 |       |       |       |       ||     7
 Invoke: Heroism           |       |       |     3 |    12 |    12 |     3 ||    30
         Finesse           |       |       |       |     3 |     2 |       ||     5
         Duel              |       |       |       |       |     1 |       ||     1
         Receive Weapon    |       |       |       |       |     1 |       ||     1
         Receive Armour    |       |       |       |       |     1 |       ||     1
  Evoke: Wand              |       |       |       |     2 |       |       ||     2
    Use: Scroll            |       |     2 |     5 |    14 |    11 |     6 ||    38
         Potion            |       |       |     2 |     6 |     2 |     2 ||    12
   Stab: Sleeping          |     6 |     5 |    14 |     6 |    23 |     1 ||    55
         Distracted        |       |       |       |       |     1 |     1 ||     2
 Armour: Robe              |    69 |   113 |   141 |    49 |       |       ||   372
         Acid dragon scale |       |       |       |    59 |       |       ||    59
         Troll leather arm |       |       |       |   388 |  1044 |   184 ||  1616
         Skin              |       |       |       |       |     4 |       ||     4
         Swamp dragon scal |       |       |       |       |       |    58 ||    58
  Dodge: Dodged            |    63 |   113 |    86 |   297 |   468 |   160 ||  1187
  Block: Kite shield       |       |       |       |   308 |   990 |   265 ||  1563

Table legend: (Time is in decaauts)
 A = Elapsed time spent in this place.
 B = Non-inter-level travel time spent in this place.
 C = Inter-level travel time spent in this place.
 D = Time resting spent in this place.
 E = Time spent auto-exploring this place.
 F = Levels seen in this place.
 G = Mean time per level.
                   A        B        C        D        E       F      G
               +--------+--------+--------+--------+--------+-----+--------+
         Total |  25849 |  23917 |   1932 |   3734 |  11588 |  29 |  891.3 |
       Dungeon |  15294 |  14006 |   1288 |   1937 |   8631 |  15 | 1019.6 |
        Temple |     20 |      1 |     19 |      0 |      0 |   1 |   20.0 |
          Lair |   5159 |   4915 |    244 |    479 |   2381 |   5 | 1031.8 |
         Swamp |   2881 |   2560 |    321 |    641 |      0 |   4 |  720.2 |
  Orcish Mines |   2150 |   2092 |     58 |    612 |    576 |   2 | 1075.0 |
      Gauntlet |    318 |    318 |      0 |     56 |      0 |   1 |  318.0 |
         Arena |     23 |     23 |      0 |      7 |      0 |   1 |   23.0 |
               +--------+--------+--------+--------+--------+-----+--------+

Top non-repeatable levels by time:
  Lair:5: 2068 daAuts
     D:2: 1547 daAuts
   Orc:2: 1370 daAuts
  Lair:3: 1243 daAuts
    D:12: 1220 daAuts
     D:9: 1171 daAuts
     D:4: 1112 daAuts
     D:6: 1089 daAuts
 Swamp:2: 1041 daAuts
     D:3: 1035 daAuts
    D:10: 1026 daAuts
     D:1: 983 daAuts
  Lair:2: 964 daAuts
    D:15: 936 daAuts
     D:7: 933 daAuts
